 Dungeon Crawl Stone Soup version 0.26.0-10-g1f06aea511 (webtiles) character file.

Game seed: 17507812372133531063

55 Borgoz the Slasher (level 3, 0/30 HPs)
             Began as a Ghoul Gladiator on Jan 18, 2021.
             Slain by a goblin
             ... wielding a +0 dagger
             ... led by Robin
              (4 damage)
             ... on level 2 of the Dungeon.
             The game lasted 00:01:49 (1452 turns).

Borgoz the Slasher (Ghoul Gladiator)                Turns: 1452, Time: 00:01:49

Health: 0/30       AC: 11    Str: 17    XL:     3   Next: 93%
Magic:  2/2        EV:  5    Int:  3    God:
Gold:   72         SH:  0    Dex: 11    Spells: 2/2 levels left

rFire    . . .     SeeInvis +   a - +0 long sword
rCold    + + .     Faith    .   (no shield)
rNeg     + + +     Spirit   .   i - +0 plate armour
rPois    ∞         Reflect  .   c - +0 helmet
rElec    .         Harm     .   (no cloak)
rCorr    .         Rampage  .   (no gloves)
Will     .....                  (no boots)
Stlth    ..........             (no amulet)
HPRegen  0.00/turn              f - ring of see invisible
MPRegen  0.08/turn              m - ring of protection from cold

@: about to teleport
A: claws 1, cold resistance 1, negative energy resistance 3, inhibited
regeneration, torment resistance, unbreathing
a: no special abilities


You were on level 2 of the Dungeon.
You visited 1 branch of the dungeon, and saw 2 of its levels.

You collected 72 gold pieces.

Inventory:

Hand Weapons
 a - a +0 long sword (weapon)
Missiles
 d - 3 throwing nets (quivered)
Armour
 c - a +0 helmet (worn)
 i - a +0 plate armour (worn)
Jewellery
 f - a ring of see invisible (left claw)
 g - an uncursed ring of resist corrosion
 m - a ring of protection from cold (right claw)
Scrolls
 b - 2 scrolls of teleportation
 l - 4 scrolls of remove curse
Potions
 e - a potion of brilliance {unknown}
 h - 2 potions of haste {unknown}
 j - a potion of attraction {unknown}
 k - 2 potions of curing {unknown}
 n - a potion of berserk rage {unknown}


   Skills:
 + Level 2.6 Fighting
 * Level 3.3 Long Blades
 - Level 1.7 Throwing
 + Level 1.0 Armour
 * Level 3.3 Dodging


You had 2 spell levels left.
You didn't know any spells.
Your spell library was empty.

Dungeon Overview and Level Annotations

Branches:
Dungeon (2/15)

Altars:

Annotations:
D:2 Robin


Innate Abilities, Weirdness & Mutations

You thrive by killing the living.
You are immune to poison.
You have sharp fingernails.
Your flesh is cold resistant. (rC+)
You are immune to negative energy. (rN+++)
You do not regenerate when monsters are visible.
You are immune to unholy pain and torment.
You can survive without breathing.


Message History

You are too injured to fight recklessly!
You are too injured to fight recklessly!
You are too injured to fight recklessly!
Unknown command.
Okay, then.
Okay, then.
As you read the scroll of teleportation, it crumbles to dust.
You feel strangely unstable. The hobgoblin hits you with a +0 club.
The hobgoblin barely misses you.
You riposte.
You closely miss the hobgoblin.
The hobgoblin is moderately wounded.
The goblin hits you with a +0 dagger.
* * * LOW HITPOINT WARNING * * *
The goblin barely misses you. The goblin hits you but does no damage.
You barely miss the goblin.
The goblin is severely wounded.
The hobgoblin hits you but does no damage.
The hobgoblin hits you with a +0 club.
* * * LOW HITPOINT WARNING * * *
The goblin hits you with a +0 dagger.
You die...

##.. ### .... # #..
..... #.##.#####....#
.............
..#####...gg......
.......>.gggg.....
.........g@gg...#
#######..######...
.........# ########.#
###.## #....# #....#
#....#####.##...####.
#....................


You could see Robin, 3 hobgoblins and 5 goblins.

Vanquished Creatures
  An adder (D:2)
  A worm (D:2)
  A dart slug (D:1)
  3 leopard geckos (D:1)
  6 bats
  5 goblins
  5 hobgoblins
  8 kobolds
  4 frilled lizards (D:1)
  2 rats (D:1)
36 creatures vanquished.

Vanquished Creatures (others)
  10 plants (D:1)
10 creatures vanquished.

Grand Total: 46 creatures vanquished

Notes
Turn   | Place    | Note
-------+----------+-------------------------------------------
     0 | D:1      | Borgoz the Ghoul Gladiator began the quest for the Orb.
     0 | D:1      | Reached XP level 1. HP: 17/17 MP: 0/0
   117 | D:1      | Reached XP level 2. HP: 24/24 MP: 1/1
   636 | D:1      | Reached XP level 3. HP: 16/30 MP: 2/2
  1434 | D:2      | Reached skill level 1 in Armour
  1435 | D:2      | Noticed Robin
  1452 | D:2      | Slain by a goblin

Illustrated notes

Levels and vault maps discovered:
D:1:      eino_arrival_water_cross, layout_basic, lexackson_kobold_supper
D:2:      layout_basic, uniq_sigmund, uniq_natasha, uniq_robin

Skill      XL: |  1  2  3 |
---------------+----------+-----
Dodging        | 3 |  3.3
Long Blades    | 3 |  3.3
Armour         | 1 |  1.0
Fighting       | |  2.6
Throwing       | |  1.7

Action                   || total
-------------------------++-------
Melee: Long sword        ||   133
  Use: Scroll            ||     5
       Potion            ||     1
Armor: Ring mail         ||    16
       Leather armour    ||     4
       Plate armour      ||   150
Dodge: Dodged            ||    73
       Rpst.: Long sword ||    21
